 Dungeon Sprint DCSS version 0.22-a0-542-gce4f928 (webtiles) character file.

101886130 emperorscorpion the Conqueror (level 27, 161/216 HPs)
             Began as a Demonspawn Berserker on June 24, 2018.
             Was the Champion of Sif Muna.
             Escaped with the Orb
             ... and 17 runes!
             The game lasted 02:14:24 (17992 turns).

emperorscorpion the Conqueror (DsBe)               Turns: 17992, Time: 02:14:25

Health: 161/216    AC: 43    Str: 24    XL:     27
Magic:  54/54      EV: 31    Int: 13    God:    Sif Muna [******]
Gold:   36         SH: 27    Dex: 22    Spells: 0/80 levels left

rFire    + + +     SeeInvis .   v - +13 demon trident of Bloody Death {freeze, Fragile +Blink +Rage rC++}
rCold    + + +     Gourm    .   Z - +0 large shield {reflect}
rNeg     + + +     Faith    .   b - +5 storm dragon scales
rPois    ∞         Spirit   .   (helmet unavailable)
rElec    +         Reflect  +   D - +2 cloak {+Inv}
rCorr    .         Harm     .   P - +1 pair of gloves
MR       +++++     NoTele   +   (no boots)
Stlth    +++.......             K - amulet "Joel" {RegenMP rPois rC+ rN+ Stlth+}
HPRegen  0.46/turn              U - ring of the Firefly {rF++ MR+ Str+3 Int+4}
MPRegen  0.59/turn              w - ring "Ylibisoh" {*Slow rPois rF+++ rC+ Stlth+}

@: lich-form
A: beak, horns 3, rugged brown scales 3, agile 2, dopey 1, frail 2, magic
resistance 1, powered by death 3, powered by pain 3, weak 1, augmentation 3, no
potion heal 1
0: Orb of Zot
}: 17/15 runes: decaying, serpentine, barnacled, slimy, elven, silver, golden,
iron, obsidian, icy, bone, abyssal, glowing, magical, fiery, dark, gossamer
a: End Transformation, Divine Energy, Channel Magic, Forget Spell, Renounce
Religion, Evoke Blink, Evoke Berserk Rage, Evoke Invisibility


You escaped.
You worshipped Sif Muna.
Sif Muna was exalted by your worship.
You were not hungry.
You were a lich.
You visited 1 branch You collected 1991 gold pieces.
You spent 1955 gold pieces at shops.

Inventory:

Hand Weapons
 a - the +8 glaive of the Guard {elec, +Rage AC+5 SInv}
   (You found it in the Dungeon)

   Occasionally, upon striking a foe, it will discharge some electrical energy
   and cause terrible harm.
   It affects your AC (+5).
   It lets you see invisible.
   It lets you go berserk.
 v - the +13 demon trident of Bloody Death (weapon) {freeze, Fragile +Blink +Rage rC++}
   (Trog gifted it to you in the Dungeon)

   It has been specially enchanted to freeze those struck by it, causing extra
   injury to most foes and up to half again as much damage against particularly
   susceptible opponents.
   It can also slow down cold-blooded creatures.
   It greatly protects you from cold.
   It lets you blink.
   It lets you go berserk.
   It will be destroyed if unequipped.
Missiles
 p - 28 javelins of returning
 q - 21 javelins of penetration (quivered)
 r - 39 silver javelins
 s - 45 needles of confusion
 t - 17 needles of sleeping
 x - 22 poisoned javelins
 y - 16 steel javelins
 L - 10 curare-tipped needles
 V - 11 needles of paralysis
Armour
 b - +5 storm dragon scales (worn)
 D - a +2 cloak of invisibility (worn)
 P - a +1 pair of gloves (worn)
 R - a +1 cloak of magic resistance
 Z - a +0 large shield of reflection (worn)
Magical Staves
 n - an uncursed staff of energy
Jewellery
 j - the ring "Uhomuaq" {rF- rN+ Str+2 Int+2}
   (You found it in the Dungeon)

   [ring of strength]

   It affects your strength (+2).
   It affects your intelligence (+2).
   It makes you vulnerable to fire.
   It protects you from negative energy.
 w - the ring "Ylibisoh" (right hand) {*Slow rPois rF+++ rC+ Stlth+}
   (You found it in the Dungeon)

   [ring of protection from cold]

   It renders you almost immune to fire.
   It protects you from cold.
   It protects you from poison.
   It may slow you when you take damage.
   It makes you more stealthy.
 B - an uncursed ring of wizardry
 H - a +4 amulet of reflection
 K - the amulet "Joel" (around neck) {RegenMP rPois rC+ rN+ Stlth+}
   (You found it in the Dungeon)

   [amulet of magic regeneration]

   It increases your magic regeneration.
   It protects you from cold.
   It protects you from poison.
   It protects you from negative energy.
   It makes you more stealthy.
 M - an uncursed ring of protection from cold
 O - an uncursed ring of see invisible
 U - the ring of the Firefly (left hand) {rF++ MR+ Str+3 Int+4}
   (You found it in the Dungeon)

   [ring of protection from magic]

   It affects your strength (+3).
   It affects your intelligence (+4).
   It greatly protects you from fire.
   It affects your resistance to hostile enchantments.
 W - an uncursed ring of wizardry
 X - a +4 ring of evasion
 Y - a +6 ring of strength
Wands
 m - a wand of iceblast (9)
 C - a wand of polymorph (9)
Scrolls
 i - 5 scrolls of blinking
 l - 5 scrolls of remove curse
 o - 3 scrolls of fog
 A - 6 scrolls of fear
 S - 3 scrolls of amnesia
 T - 4 scrolls of enchant weapon
Potions
 d - 11 potions of curing
 e - 14 potions of heal wounds
 f - 10 potions of haste
 g - 5 potions of magic
 h - 3 potions of berserk rage
 k - 4 potions of invisibility
 u - a potion of resistance
 E - a potion of agility
 F - a potion of lignification
 G - 3 potions of brilliance
 I - 5 potions of might
 J - a potion of cancellation
Miscellaneous
 z - a lamp of fire
 N - the horn of Geryon
Comestibles
 c - 5 rations
 Q - a chunk of flesh


   Skills:
 O Level 27 Fighting
 O Level 27 Polearms
 O Level 27 Staves
 O Level 27 Throwing
 O Level 27 Armour
 O Level 27 Dodging
 O Level 27 Stealth
 O Level 27 Shields
 O Level 27 Unarmed Combat
 O Level 27 Spellcasting
 O Level 27 Conjurations
 O Level 27 Hexes
 O Level 27 Charms
 O Level 27 Summonings
 O Level 27 Necromancy
 O Level 27 Translocations
 O Level 27 Transmutations
 O Level 27 Fire Magic
 O Level 27 Ice Magic
 O Level 27 Air Magic
 O Level 27 Earth Magic
 + Level 26.4 Poison Magic
 O Level 27 Invocations
 O Level 27 Evocations


You couldn't memorise any spells.
You knew the following spells:

 Your Spells              Type           Power        Failure   Level  Hunger
a - Glaciate              Conj/Ice       ########..   7%          9    N/A
b - Summon Butterflies    Summ           ########     0%          1    N/A
c - Death's Door          Chrm/Necr      ########..   1%          8    N/A
d - Dragon's Call         Summ           ########..   7%          9    N/A
e - Lehudib's Crystal Sp  Conj/Erth      ########..   1%          8    N/A
f - Borgnjor's Revivific  Necr           ########..   1%          8    N/A
g - Deflect Missiles      Chrm/Air       ########..   0%          6    N/A
h - Spellforged Servitor  Conj/Summ      ########..   1%          7    N/A
i - Discord               Hex            ########..   1%          8    N/A
j - Recall                Summ/Tloc      N/A          0%          3    N/A
k - Flame Tongue          Conj/Fire      #####        0%          1    N/A
l - Sting                 Conj/Pois      ####         0%          1    N/A
n - Necromutation         Tmut/Necr      ########..   1%          8    N/A
r - Regeneration          Chrm/Necr      ########..   0%          3    N/A

Your spell library contained the following spells:

 Spells                   Type           Power        Failure   Level  Hunger
 Cause Fear               Hex            ########..   0%          4    N/A
 Magic Dart               Conj           ####         0%          1    N/A
 Fireball                 Conj/Fire      ########..   0%          5    N/A
 Apportation              Tloc           ######       0%          1    N/A
 Conjure Flame            Conj/Fire      ########     0%          3    N/A
 Bolt of Fire             Conj/Fire      ########..   0%          6    N/A
 Bolt of Cold             Conj/Ice       ########..   0%          6    N/A
 Lightning Bolt           Conj/Air       ########..   0%          5    N/A
 Bolt of Magma            Conj/Fire/Erth ########..   0%          5    N/A
 Slow                     Hex            ########     0%          2    N/A
 Confuse                  Hex            ########     0%          3    N/A
 Invisibility             Hex            ########     0%          6    N/A
 Throw Flame              Conj/Fire      ######       0%          2    N/A
 Throw Frost              Conj/Ice       ######       0%          2    N/A
 Controlled Blink         Tloc           N/A          1%          8    N/A
 Freezing Cloud           Conj/Ice/Air   ########..   0%          6    N/A
 Mephitic Cloud           Conj/Pois/Air  ########     0%          3    N/A
 Ring of Flames           Chrm/Fire      ########..   1%          7    N/A
 Venom Bolt               Conj/Pois      ########..   0%          5    N/A
 Olgreb's Toxic Radiance  Pois           ########     0%          4    N/A
 Teleport Other           Tloc           ########     0%          3    N/A
 Summon Small Mammal      Summ           ####         0%          1    N/A
 Bolt of Draining         Conj/Necr      ########..   0%          5    N/A
 Fire Storm               Conj/Fire      ########..   7%          9    N/A
 Blink                    Tloc           N/A          0%          2    N/A
 Iskenderun's Mystic Bla  Conj           ########     0%          4    N/A
 Summon Horrible Things   Summ           ########..   1%          8    N/A
 Animate Dead             Necr           N/A          0%          4    N/A
 Pain                     Necr           ####         0%          1    N/A
 Animate Skeleton         Necr           N/A          0%          1    N/A
 Vampiric Draining        Necr           ########..   0%          3    N/A
 Haunt                    Necr/Summ      ########..   1%          7    N/A
 Freeze                   Ice            ####         0%          1    N/A
 Ozocubu's Refrigeration  Ice            ########..   0%          6    N/A
 Sticky Flame             Conj/Fire      ########     0%          4    N/A
 Summon Ice Beast         Ice/Summ       ########     0%          4    N/A
 Ozocubu's Armour         Chrm/Ice       ########     0%          3    N/A
 Call Imp                 Summ           ########     0%          2    N/A
 Dispel Undead            Necr           ########     0%          5    N/A
 Poison Arrow             Conj/Pois      ########..   0%          6    N/A
 Sublimation of Blood     Necr           ########..   0%          2    N/A
 Tukima's Dance           Hex            ########     0%          3    N/A
 Summon Demon             Summ           ########..   0%          5    N/A
 Summon Greater Demon     Summ           ########..   1%          7    N/A
 Corpse Rot               Necr           N/A          0%          2    N/A
 Iron Shot                Conj/Erth      ########..   0%          6    N/A
 Stone Arrow              Conj/Erth      ######       0%          3    N/A
 Shock                    Conj/Air       ####         0%          1    N/A
 Swiftness                Chrm/Air       ########     0%          2    N/A
 Agony                    Necr           ########     0%          5    N/A
 Spider Form              Tmut/Pois      ########..   0%          3    N/A
 Blade Hands              Tmut           ########..   0%          5    N/A
 Statue Form              Tmut/Erth      ########.    0%          6    N/A
 Ice Form                 Ice/Tmut       ########     0%          4    N/A
 Dragon Form              Tmut           ########..   1%          7    N/A
 Death Channel            Necr           ########..   0%          6    N/A
 Throw Icicle             Conj/Ice       ########     0%          4    N/A
 Airstrike                Air            ########..   0%          4    N/A
 Shadow Creatures         Summ           N/A          0%          6    N/A
 Confusing Touch          Hex            ######       0%          1    N/A
 Passwall                 Tmut/Erth      ########     0%          2    N/A
 Ignite Poison            Fire/Tmut/Pois ########     0%          3    N/A
 Sticks to Snakes         Tmut           ########     0%          2    N/A
 Call Canine Familiar     Summ           ########     0%          3    N/A
 Ensorcelled Hibernation  Hex/Ice        ######       0%          2    N/A
 Metabolic Englaciation   Hex/Ice        ########..   0%          5    N/A
 Silence                  Hex/Air        ########..   0%          5    N/A
 Shatter                  Erth           ########..   7%          9    N/A
 Dispersal                Tloc           ########..   0%          6    N/A
 Static Discharge         Conj/Air       ########     0%          3    N/A
 Corona                   Hex            #######      0%          1    N/A
 Alistair's Intoxication  Tmut/Pois      ########     0%          5    N/A
 Lee's Rapid Deconstruct  Erth           ########..   0%          5    N/A
 Sandblast                Erth           ######       0%          1    N/A
 Simulacrum               Ice/Necr       ########..   0%          6    N/A
 Conjure Ball Lightning   Conj/Air       ########..   0%          6    N/A
 Chain Lightning          Conj/Air       ########..   1%          8    N/A
 Excruciating Wounds      Chrm/Necr      ########..   0%          5    N/A
 Portal Projectile        Hex/Tloc       ######       0%          3    N/A
 Monstrous Menagerie      Summ           ########..   1%          7    N/A
 Petrify                  Tmut/Erth      ########     0%          4    N/A
 Orb of Destruction       Conj           ########..   1%          7    N/A
 Malign Gateway           Summ/Tloc      ########..   1%          7    N/A
 Tornado                  Air            ########..   7%          9    N/A
 Leda's Liquefaction      Hex/Erth       ########..   0%          4    N/A
 Summon Hydra             Summ           ########..   1%          7    N/A
 Darkness                 Hex            ########..   0%          6    N/A
 Shroud of Golubria       Chrm/Tloc      ########..   0%          2    N/A
 Inner Flame              Hex/Fire       ########     0%          3    N/A
 Aura of Abjuration       Summ           ########..   0%          5    N/A
 Beastly Appendage        Tmut           ######       0%          1    N/A
 Disjunction              Tloc           ########..   1%          8    N/A
 Iskenderun's Battlesphe  Conj/Chrm      ########     0%          5    N/A
 Fulminant Prism          Conj/Hex       ########..   0%          4    N/A
 Dazzling Spray           Conj/Hex       ######       0%          3    N/A
 Force Lance              Conj/Tloc      ########     0%          4    N/A
 Infusion                 Chrm           ####         0%          1    N/A
 Song of Slaying          Chrm           ########     0%          2    N/A
 Spectral Weapon          Hex/Chrm       ########     0%          3    N/A
 Searing Ray              Conj           ######       0%          2    N/A
 Summon Forest            Summ/Tloc      ########..   0%          5    N/A
 Summon Lightning Spire   Summ/Air       ########     0%          4    N/A
 Summon Guardian Golem    Hex/Summ       ########     0%          3    N/A
 Summon Mana Viper        Hex/Summ       ########     0%          5    N/A
 Hydra Form               Tmut           ########..   0%          6    N/A
 Irradiate                Conj/Tmut      ########..   0%          5    N/A
 Gell's Gravitas          Tloc           ########..   0%          3    N/A
 Yara's Violent Unravell  Hex/Tmut       ########..   0%          5    N/A
 Infestation              Necr           ########..   1%          8    N/A
 Lesser Beckoning         Tloc           ########..   0%          3    N/A
 Poisonous Vapours        Pois/Air       ######       0%          2    N/A
 Ignition                 Fire           ########..   1%          8    N/A
 Borgnjor's Vile Clutch   Necr/Erth      ########..   0%          5    N/A

Dungeon Overview and Level Annotations

Branches:
Dungeon (1/1)

Altars:
Cheibriados
Dithmenos
Elyvilon
Fedhas
Gozag
Hepliaklqana
Kikubaaqudgha
Makhleb
Nemelex Xobeh
Okawaru
Qazlal
Ru
Sif Muna
Trog
Uskayaw
Vehumet
Wu Jian
Xom
Yredelemnul
Zin
The Shining One
Beogh
Jiyva
Lugonu

Shops:
D !%=*


Innate Abilities, Weirdness & Mutations

You have a pair of large horns on your head.
You are completely covered in rugged brown scales. (AC +3, +7% HP)
You regenerate a lot of health from kills.
You are powered by pain.
Your magical and physical power is greatly enhanced at high health.
You have a beak for a mouth.
You are very agile. (Dex +4)
You are dopey. (Int -2)
You are very frail. (-20% HP)
You are resistant to hostile enchantments. (MR+)
You are weak. (Str -2)
Potions are less effective at restoring your health.


Message History

Items here: ( ))) a club x2; a whip; a stone
There is an open door here.
There is an open door to the Temple here.
There is a roughly hewn altar of Beogh here.
There is a snail-covered altar of Cheibriados here.
You see here a club.
There is a shadowy altar of Dithmenos here.
There is a white marble altar of Elyvilon here.
There is a shadowy altar of Dithmenos here.
There is a snail-covered altar of Cheibriados here.
You see here a club.
There is a roughly hewn altar of Beogh here.
There is an open door to the Temple here.
There is an open door here.
There is an open door to the Dungeon, spattered with blood here.
Items here: ( ))) a club x2; a whip; a stone
There is a staircase leading out of the dungeon here.
You have escaped!

▓).........)..))))
▓.▓▓▓▓▓▓▓▓▓▓▓▓▓▓▓▓
▓.....)...........
▓▓▓▓▓▓▓▓▓▓▓▓▓▓▓▓▓▓
▓.......'.....(.[.
▓.▓▓▓▓▓▓▓▓▓▓▓▓▓▓▓▓
▓.....[..†........
▓▓▓▓▓▓▓▓▓▓▓▓▓▓▓▓▓▓
▓L...).....'.....'
▓▓▓▓▓▓▓▓▓▓▓▓▓▓▓▓▓▓


There were no monsters in sight!

Vanquished Creatures
  Cerebov (D)
  Asmodeus (D)
  Antaeus (D)
  the Royal Jelly (D)
  Ereshkigal (D)
  Lom Lobon (D)
  Gloorx Vloq (D)
  6 seraphim (D)
  Mnoleg (D)
  4 ancient liches (D)
  5 orbs of fire (D)
  Mennas (D)
  Mara (D)
  Sojobo (D)
  4 greater mummies (D)
  2 Killer Klowns (D)
  Xtahua (D)
  Geryon (D)
  Frederick (D)
  6 profane servitors (D)
  3 golden dragons (D)
  2 bone dragons (D)
  19 Brimstone Fiends (D)
  An electric golem (D)
  Nikola (D)
  A hellephant (D)
  Rupert (D)
  16 Tzitzimimeh (D)
  9 Hell Sentinels (D)
  6 tentacled monstrosities (D)
  2 deep elf blademasters (D)
  19 Ice Fiends (D)
  116 Orb Guardians (D)
  3 deep elf master archers (D)
  2 quicksilver dragons (D)
  16 acid blobs (D)
  13 liches (D)
  A tentacled starspawn (D)
  10 sphinxes (D)
  4 death cobs (D)
  A thorn hunter (D)
  18 Executioners (D)
  Frances (D)
  63 pandemonium lords (D)
  3 draconian monks (D)
  4 tengu reavers (D)
  A storm dragon (D)
  3 nagarajas (D)
  9 azure jellies (D)
  6 daevas (D)
  8 shadow dragons (D)
  A deep elf sorcerer (D)
  2 frost giants (D)
  3 vault wardens (D)
  2 warmongers (D)
  2 draconian shifters (D)
  11 balrugs (D)
  5 emperor scorpions (D)
  Louise (D)
  12 cacodemons (D)
  4 ghost moths (D)
  2 draconian scorchers (D)
  6 angels (D)
  2 blood saints (D)
  11 reapers (D)
  A very ugly thing (D)
  2 ironheart preservers (D)
  2 draconian annihilators (D)
  15 stone giants (D)
  6 vampire knights (D)
  2 deep elf demonologists (D)
  4 black suns (D)
  5 green draconians (D)
  2 deep elf annihilators (D)
  2 red draconians (D)
  A corrupter (D)
  2 yellow draconians (D)
  11 lorocyprocas (D)
  Azrael (D)
  3 purple draconians (D)
  3 white draconians (D)
  Snorg (D)
  2 deep elf death magi (D)
  3 ettins (D)
  12 blizzard demons (D)
  10 green deaths (D)
  5 mummy priests (D)
  6 fire dragons (D)
  6 death oozes (D)
  6 yaktaur captains (D)
  5 ogre magi (D)
  A deep elf high priest (D)
  6 great orbs of eyes (D)
  5 merfolk impalers (D)
  Erolcha (D)
  6 hydras (D)
  5 monstrous demonspawn (D)
  11 hell beasts (D)
  2 rakshasas (D)
  8 naga warriors (D)
  A merfolk avatar (D)
  A centaur warrior (D)
  25 vault guards (D)
  6 ice dragons (D)
  A catoblepas (D)
  An alligator snapping turtle (D)
  2 two-headed ogres (D)
  3 merfolk aquamancers (D)
  A vampire mage (D)
  13 hell hogs (D)
  A deep troll shaman (D)
  3 tengu warriors (D)
  A shock serpent (shapeshifter) (D)
  A deep elf knight (D)
  A spriggan berserker (D)
  A hell knight (D)
  A shock serpent (D)
  Nergalle (D)
  42 sun demons (D)
  28 soul eaters (D)
  31 sixfirhies (D)
  An iron troll (D)
  An unseen horror (D)
  3 sea snakes (D)
  3 swamp dragons (D)
  5 infernal demonspawn (D)
  6 deep trolls (D)
  A cherub (D)
  A spriggan druid (D)
  8 shadow demons (D)
  5 glowing orange brains (D)
  7 torturous demonspawn (D)
  2 gelid demonspawn (D)
  A naga ritualist (D)
  A necromancer (D)
  A harpy (shapeshifter) (D)
  3 wolf spiders (D)
  8 orc knights (D)
  12 cyclopes (D)
  A deep elf mage (D)
  15 moths of wrath (D)
  5 toenail golems (D)
  2 manticores (D)
  A worldbinder (D)
  Maurice (D)
  A water nymph (D)
  32 rust devils (D)
  6 black mambas (D)
  A vault sentinel (D)
  38 smoke demons (D)
  Psyche (D)
  5 naga magi (D)
  44 orange demons (D)
  2 spiny frogs (D)
  11 hellions (D)
  A rime drake (D)
  3 efreet (D)
  11 guardian mummies (D)
  10 tormentors (D)
  34 ice devils (D)
  A freezing wraith (D)
  2 yaktaurs (D)
  3 komodo dragons (D)
  42 red devils (D)
  3 demonic crawlers (D)
  48 hellwings (D)
  A wandering mushroom (D)
  3 jumping spiders (D)
  A merfolk (D)
  7 polar bears (D)
  3 trolls (D)
  2 slime creatures (D)
  A hippogriff (D)
  A dream sheep (shapeshifter) (D)
  3 bog bodies (D)
  11 spriggans (D)
  4 redbacks (D)
  A wyvern (D)
  28 ynoxinuls (D)
  A tarantella (D)
  A human (shapeshifter) (D)
  Grum (D)
  3 fire elementals (D)
  22 golden eyes (D)
  A vampire mosquito (D)
  30 chaos spawn (D)
  24 neqoxecs (D)
  A naga (D)
  7 small abominations (D)
  3 water moccasins (D)
  13 hell hounds (D)
  An acid dragon (D)
  A porcupine (D)
  18 large abominations (D)
  7 black bears (D)
  5 orc warriors (D)
  5 swamp drakes (D)
  3 eyes of draining (D)
  A wolf (shapeshifter) (D)
  4 ogres (D)
  A boggart (D)
  5 wolves (D)
  3 crocodiles (D)
  2 centaurs (D)
  A scorpion (D)
  A wight (D)
  14 crimson imps (D)
  13 quasits (D)
  9 iron imps (D)
  A jelly (D)
  7 orc priests (D)
  4 orc wizards (D)
  A worker ant (D)
  12 shadow imps (D)
  10 white imps (D)
  13 ufetubi (D)
  2 adder skeletons (D)
  5 ball lightnings (D)
  A leopard gecko (D)
  5 orcs (D)
  A bat (D)
  A bat skeleton (D)
  A bat zombie (D)
  A goblin (D)
  4 hobgoblins (D)
  A kobold (D)
  3 rats (D)
  7 blocks of ice (D)
  A fire vortex (D)
  A starspawn tentacle (D)
1537 creatures vanquished.

Vanquished Creatures (collateral kills)
  Boris (D)
  A Brimstone Fiend (D)
  2 sphinxes (D)
  Ilsuiw (D)
  A stone giant (D)
  A vampire knight (D)
  A deep elf annihilator (D)
  A merfolk javelineer (D)
  A mummy priest (D)
  2 green deaths (D)
  An ettin (D)
  A hydra (D)
  A hell beast (D)
  2 merfolk aquamancers (D)
  A shadow wraith (D)
  3 deep trolls (D)
  2 swamp dragons (D)
  An orc knight (D)
  2 ironbrand convokers (D)
  A rust devil (D)
  An ice devil (D)
  4 guardian mummies (D)
  2 trolls (D)
  3 orc warriors (D)
  An orc wizard (D)
38 creatures vanquished.

Vanquished Creatures (others)
  Dispater (D)
  An Orb Guardian (D)
  A sphinx (D)
  A cacodemon (D)
  An ogre mage (D)
  A sixfirhy (D)
  An ironbrand convoker (D)
  An orange demon (D)
  3 guardian mummies (D)
  A tormentor (D)
  A hellwing (D)
  4 chaos spawn (D)
  3 large abominations (D)
  A crimson imp (D)
  A shadow imp (D)
  A white imp (D)
  3 ball lightnings (D)
  18 blocks of ice (D)
  A lurking horror (D)
  A starspawn tentacle (D)
46 creatures vanquished.

Grand Total: 1621 creatures vanquished

Notes
Turn   | Place    | Note
-------+----------+-------------------------------------------
     0 | D        | emperorscorpion the Demonspawn Berserker began the quest for the Orb.
     0 | D        | Reached XP level 1. HP: 18/18 MP: 1/1
    18 | D        | Reached ** piety under Trog
    88 | D        | Noticed a crimson imp
    88 | D        | Noticed a scorpion
    88 | D        | Noticed a crimson imp
    97 | D        | Killed a crimson imp
    97 | D        | Reached skill level 5 in Fighting
    97 | D        | Gained mutation: You are partially covered in rugged brown scales. (AC +1, +3% HP) [demonic ancestry]
    97 | D        | Reached XP level 2. HP: 23/27 MP: 2/2
    97 | D        | Reached XP level 3. HP: 29/33 MP: 3/3
    99 | D        | Killed a scorpion
    99 | D        | Reached *** piety under Trog
    99 | D        | Reached skill level 5 in Polearms
    99 | D        | Gained mutation: You regenerate a little health from kills. [demonic ancestry]
    99 | D        | Reached XP level 4. HP: 36/41 MP: 4/4
   116 | D        | Found a roughly hewn altar of Beogh.
   116 | D        | Found a snail-covered altar of Cheibriados.
   116 | D        | Found a shadowy altar of Dithmenos.
   116 | D        | Found a white marble altar of Elyvilon.
   116 | D        | Found a blossoming altar of Fedhas.
   116 | D        | Found an opulent altar of Gozag.
   117 | D        | Found a hazy altar of Hepliaklqana.
   118 | D        | Found a viscous altar of Jiyva.
   119 | D        | Found an ancient bone altar of Kikubaaqudgha.
   120 | D        | Found a corrupted altar of Lugonu.
   121 | D        | Found a burning altar of Makhleb.
   122 | D        | Found a sparkling altar of Nemelex Xobeh.
   123 | D        | Found an iron altar of Okawaru.
   124 | D        | Found a stormy altar of Qazlal.
   125 | D        | Found a sacrificial altar of Ru.
   126 | D        | Found a deep blue altar of Sif Muna.
   127 | D        | Found a bloodstained altar of Trog.
   128 | D        | Found a hide-covered altar of Uskayaw.
   129 | D        | Found a radiant altar of Vehumet.
   130 | D        | Found an ornate altar of the Wu Jian Council.
   131 | D        | Found a shimmering altar of Xom.
   132 | D        | Found a basalt altar of Yredelemnul.
   133 | D        | Found a glowing silver altar of Zin.
   134 | D        | Found a glowing golden altar of the Shining One.
   286 | D        | Noticed a troll
   286 | D        | Noticed a crocodile
   286 | D        | Noticed a crocodile
   286 | D        | Noticed a centaur
   289 | D        | Killed a troll
   289 | D        | Reached **** piety under Trog
   289 | D        | Reached XP level 5. HP: 52/52 MP: 5/5
   289 | D        | Gained mutation: You sometimes gain a little power by taking damage. [demonic ancestry]
   289 | D        | Reached XP level 6. HP: 58/58 MP: 6/6
   303 | D        | Reached ***** piety under Trog
   303 | D        | Reached skill level 5 in Armour
   303 | D        | Reached XP level 7. HP: 65/65 MP: 7/7
   352 | D        | Noticed a centaur warrior
   360 | D        | Killed a centaur warrior
   360 | D        | Reached skill level 10 in Fighting
   360 | D        | Reached skill level 5 in Dodging
   360 | D        | Gained mutation: You are mostly covered in rugged brown scales. (AC +2, +5% HP) [demonic ancestry]
   360 | D        | Reached XP level 8. HP: 77/77 MP: 8/8
   367 | D        | Received a gift from Trog
   496 | D        | Noticed a spiny frog
   496 | D        | Noticed a five-headed hydra
   496 | D        | Noticed a black mamba
   509 | D        | Killed a five-headed hydra
   509 | D        | Gained mutation: You sometimes gain power by taking damage. [demonic ancestry]
   509 | D        | Reached XP level 9. HP: 85/85 MP: 9/9
   515 | D        | Killed a spiny frog
   522 | D        | Killed a black mamba
   528 | D        | Noticed a catoblepas
   533 | D        | Noticed a rime drake
   579 | D        | Killed a catoblepas
   579 | D        | Received a gift from Trog
   587 | D        | Killed a rime drake
   587 | D        | Reached ****** piety under Trog
   587 | D        | Reached XP level 10. HP: 95/95 MP: 10/10
   622 | D        | Noticed a black mamba
   624 | D        | Noticed a black mamba
   630 | D        | Killed a black mamba
   630 | D        | Reached skill level 15 in Polearms
   642 | D        | Received a gift from Trog
   644 | D        | Killed a black mamba
   755 | D        | Received a gift from Trog
   813 | D        | Noticed Maurice
   823 | D        | Killed Maurice
   823 | D        | Reached skill level 10 in Armour
   869 | D        | Noticed Grum
   883 | D        | Killed Grum
   883 | D        | Reached skill level 1 in Evocations
   884 | D        | Received a gift from Trog
   948 | D        | Gained mutation: You regenerate health from kills. [demonic ancestry]
   948 | D        | Reached XP level 11. HP: 77/103 MP: 12/12
   963 | D        | Received a gift from Trog
  1019 | D        | Noticed a stone giant
  1019 | D        | Noticed an orc knight
  1019 | D        | Noticed an orc knight
  1024 | D        | Killed a stone giant
  1030 | D        | Killed an orc knight
  1030 | D        | Received a gift from Trog
  1033 | D        | Killed an orc knight
  1039 | D        | Received a gift from Trog
  1096 | D        | Found Qemu's Distillery.
  1096 | D        | Noticed a deep troll
  1096 | D        | Noticed an ettin
  1096 | D        | Noticed a deep troll
  1097 | D        | Noticed an ogre mage
  1106 | D        | Killed a deep troll
  1108 | D        | Noticed a deep troll
  1109 | D        | Killed an ettin
  1109 | D        | Received a gift from Trog
  1138 | D        | Killed a deep troll
  1140 | D        | Reached skill level 5 in Evocations
  1141 | D        | Killed an ogre mage
  1145 | D        | Killed a deep troll
  1164 | D        | Noticed a deep troll
  1170 | D        | Killed a deep troll
  1182 | D        | Found Yfac's Food Shoppe.
  1186 | D        | Found Moedwiomn's Jewellery Emporium.
  1190 | D        | Found Qucoku's Assorted Antiques.
  1192 | D        | Noticed a deep troll
  1196 | D        | Noticed an ogre mage
  1198 | D        | Noticed a deep troll
  1202 | D        | Killed a deep troll
  1204 | D        | Noticed an ogre mage
  1208 | D        | Killed an ogre mage
  1208 | D        | Received a gift from Trog
  1209 | D        | Found the +13 scythe of Curses {drain, *Curse}
  1215 | D        | Killed a deep troll
  1226 | D        | Killed an ogre mage
  1238 | D        | Bought a potion of curing for 75 gold pieces
  1238 | D        | Bought a scroll of blinking for 187 gold pieces
  1238 | D        | Bought a fizzy black potion for 22 gold pieces
  1239 | D        | Bought 2 scrolls of identify for 100 gold pieces
  1241 | D        | Bought a +4 amulet of reflection for 351 gold pieces
  1246 | D        | Bought 2 potions of haste for 260 gold pieces
  1246 | D        | Bought a potion of heal wounds for 65 gold pieces
  1246 | D        | Bought a potion of might for 52 gold pieces
  1246 | D        | Bought a potion of curing for 39 gold pieces
  1246 | D        | Bought a potion of curing for 39 gold pieces
  1246 | D        | Bought 2 potions of invisibility for 208 gold pieces
  1246 | D        | Bought a potion of invisibility for 104 gold pieces
  1246 | D        | Bought a potion of cancellation for 104 gold pieces
  1246 | D        | Bought a potion of mutation for 104 gold pieces
  1255 | D        | Bought a scroll of remove curse for 75 gold pieces
  1255 | D        | Bought a scroll of identify for 50 gold pieces
  1303 | D        | Noticed Psyche
  1307 | D        | Killed Psyche
  1480 | D        | Found the +8 glaive of the Guard {elec, +Rage AC+5 SInv}
  1533 | D        | Noticed a harpy
  1533 | D        | Noticed a deep elf mage
  1536 | D        | Killed a harpy
  1536 | D        | Reached skill level 15 in Fighting
  1544 | D        | Received a gift from Trog
  1544 | D        | Gained mutation: You have a pair of small horns on your head. [demonic ancestry]
  1544 | D        | Reached XP level 12. HP: 114/114 MP: 17/17
  1551 | D        | Noticed an ettin
  1552 | D        | Noticed a deep troll shaman
  1561 | D        | Killed an ettin
  1562 | D        | Noticed a tengu warrior
  1566 | D        | Killed a deep troll shaman
  1568 | D        | Noticed an ice dragon
  1573 | D        | Killed a tengu warrior
  1573 | D        | Received a gift from Trog
  1573 | D        | Noticed a vampire mage
  1586 | D        | Killed an ice dragon
  1589 | D        | Killed a vampire mage
  1603 | D        | Noticed a frost giant
  1643 | D        | Killed a frost giant
  1715 | D        | Noticed Nergalle
  1725 | D        | Killed Nergalle
  1725 | D        | Received a gift from Trog
  1822 | D        | Noticed a naga warrior
  1827 | D        | Reached skill level 10 in Evocations
  1829 | D        | Received a gift from Trog
  1846 | D        | Killed a naga warrior
  1904 | D        | Noticed a ghost moth
  1907 | D        | Killed a ghost moth
  1914 | D        | Reached XP level 13. HP: 106/124 MP: 8/21
  1915 | D        | Received a gift from Trog
  1967 | D        | Noticed a thorn hunter
  1974 | D        | Received a gift from Trog
  1981 | D        | Killed a thorn hunter
  1990 | D        | Received a gift from Trog
  1993 | D        | Got a pitted glaive {god gift}
  1997 | D        | Identified the +7 glaive "Sireu" {vamp, rF+} (Trog gifted it to you in the Dungeon)
  2018 | D        | Noticed a merfolk impaler
  2019 | D        | Killed a merfolk impaler
  2033 | D        | Received a gift from Trog
  2097 | D        | Noticed Erolcha
  2103 | D        | Killed Erolcha
  2119 | D        | Noticed Snorg
  2134 | D        | Killed Snorg
  2173 | D        | Noticed an ettin
  2173 | D        | Noticed a fire dragon
  2183 | D        | Killed an ettin
  2183 | D        | Received a gift from Trog
  2187 | D        | Noticed a tentacled monstrosity
  2196 | D        | Killed a fire dragon
  2200 | D        | Reached skill level 1 in Stealth
  2203 | D        | Noticed a fire dragon
  2204 | D        | Reached skill level 10 in Dodging
  2212 | D        | Killed a tentacled monstrosity
  2233 | D        | Killed a fire dragon
  2233 | D        | Received a gift from Trog
  2233 | D        | Gained mutation: You are completely covered in rugged brown scales. (AC +3, +7% HP) [demonic ancestry]
  2233 | D        | Reached XP level 14. HP: 132/142 MP: 23/23
  2259 | D        | Noticed a stone giant
  2274 | D        | Killed a stone giant
  2284 | D        | Noticed an ironheart preserver
  2288 | D        | Received a gift from Trog
  2313 | D        | Killed an ironheart preserver
  2319 | D        | Noticed a vault warden
  2344 | D        | Killed a vault warden
  2357 | D        | Received a gift from Trog
  2358 | D        | Got a scorched demon trident {god gift}
  2359 | D        | Identified the +13 demon trident of Bloody Death {freeze, Fragile +Blink +Rage rC++} (Trog gifted it to you in the Dungeon)
  2361 | D        | Noticed a vault warden
  2364 | D        | Noticed a stone giant
  2370 | D        | Killed a vault warden
  2376 | D        | Noticed a sphinx
  2380 | D        | Killed a stone giant
  2389 | D        | Received a gift from Trog
  2399 | D        | Killed a sphinx
  2464 | D        | Noticed Rupert
  2481 | D        | Killed Rupert
  2755 | D        | Received a gift from Trog
  2772 | D        | Received a gift from Trog
  2772 | D        | Reached skill level 1 in Shields
  2786 | D        | Received a gift from Trog
  2802 | D        | Got a decaying rune of Zot
  2839 | D        | Noticed Ilsuiw
  2847 | D        | Reached skill level 1 in Throwing
  2861 | D        | Received a gift from Trog
  2861 | D        | Gained mutation: You have a pair of horns on your head. [demonic ancestry]
  2861 | D        | Reached XP level 15. HP: 42/161 MP: 24/24
  2891 | D        | Killed Ilsuiw
  2891 | D        | Received a gift from Trog
  2903 | D        | Received a gift from Trog
  2910 | D        | Received a gift from Trog
  2917 | D        | Got a barnacled rune of Zot
  2937 | D        | Noticed a nagaraja
  2937 | D        | Noticed a nagaraja
  2944 | D        | Killed a nagaraja
  2948 | D        | Noticed a nagaraja
  2950 | D        | Reached skill level 5 in Throwing
  2955 | D        | Killed a nagaraja
  2955 | D        | Received a gift from Trog
  2965 | D        | Killed a nagaraja
  2979 | D        | Received a gift from Trog
  2987 | D        | Received a gift from Trog
  2990 | D        | Received a gift from Trog
  2990 | D        | Reached skill level 5 in Shields
  3001 | D        | Received a gift from Trog
  3005 | D        | Got a serpentine rune of Zot
  3054 | D        | Noticed a ghost moth
  3056 | D        | Noticed a ghost moth
  3060 | D        | Reached skill level 15 in Dodging
  3094 | D        | Killed a ghost moth
  3094 | D        | Received a gift from Trog
  3097 | D        | Killed a ghost moth
  3104 | D        | Noticed a ghost moth
  3133 | D        | Killed a ghost moth
  3135 | D        | Received a gift from Trog
  3174 | D        | Noticed a tengu reaver
  3174 | D        | Noticed a tengu reaver
  3175 | D        | Noticed Sojobo
  3191 | D        | Killed a tengu reaver
  3203 | D        | Killed a tengu reaver
  3235 | D        | Killed Sojobo
  3235 | D        | Received a gift from Trog
  3284 | D        | Reached skill level 10 in Throwing
  3284 | D        | Reached skill level 15 in Armour
  3299 | D        | Gained mutation: You have a pair of large horns on your head. [demonic ancestry]
  3299 | D        | Reached XP level 16. HP: 177/177 MP: 25/25
  3318 | D        | Reached skill level 27 in Fighting
  3321 | D        | Received a gift from Trog
  3358 | D        | Received a gift from Trog
  3373 | D        | Reached skill level 10 in Shields
  3391 | D        | Received a gift from Trog
  3430 | D        | Noticed a shadow dragon
  3441 | D        | Received a gift from Trog
  3448 | D        | Killed a shadow dragon
  3493 | D        | Received a gift from Trog
  3509 | D        | Noticed an Orb Guardian
  3510 | D        | Noticed a sphinx
  3510 | D        | Noticed an Orb Guardian
  3514 | D        | Killed an Orb Guardian
  3514 | D        | Received a gift from Trog
  3526 | D        | Noticed a sphinx
  3531 | D        | Killed a sphinx
  3531 | D        | Received a gift from Trog
  3534 | D        | Received a gift from Trog
  3540 | D        | Noticed an Orb Guardian
  3541 | D        | Noticed a sphinx
  3546 | D        | Killed an Orb Guardian
  3546 | D        | Received a gift from Trog
  3550 | D        | Killed a sphinx
  3550 | D        | Received a gift from Trog
  3554 | D        | Noticed an Orb Guardian
  3565 | D        | Killed an Orb Guardian
  3565 | D        | Reached skill level 15 in Throwing
  3581 | D        | Noticed an Orb Guardian
  3581 | D        | Noticed an Orb Guardian
  3590 | D        | Killed an Orb Guardian
  3595 | D        | Killed an Orb Guardian
  3604 | D        | Received a gift from Trog
  3616 | D        | Noticed a deep elf blademaster
  3629 | D        | Killed a deep elf blademaster
  3876 | D        | Got a gossamer rune of Zot
  3895 | D        | Noticed an Orb Guardian
  3896 | D        | Noticed Mnoleg
  3898 | D        | Noticed a tentacled monstrosity
  3908 | D        | Killed an Orb Guardian
  3911 | D        | Killed an Orb Guardian
  3921 | D        | Killed a sphinx
  4020 | D        | Gained mutation: Armour fits poorly on your strangely shaped body. [Mnoleg's mutagenic touch]
  4023 | D        | Gained mutation: You are dopey. (Int -2) [Mnoleg's mutagenic touch]
  4025 | D        | Killed Mnoleg
  4025 | D        | Received a gift from Trog
  4025 | D        | Gained mutation: Your magical and physical power is slightly enhanced at high health. [demonic ancestry]
  4025 | D        | Reached XP level 17. HP: 176/186 MP: 26/26
  4039 | D        | Lost mutation: Armour fits poorly on your strangely shaped body. [potion of mutation]
  4039 | D        | Lost mutation: You are dopey. (Int -2) [potion of mutation]
  4039 | D        | Gained mutation: Potions are less effective at restoring your health. [potion of mutation]
  4039 | D        | Gained mutation: You have sharp toenails. [potion of mutation]
  4099 | D        | Noticed Asmodeus
  4130 | D        | Killed Asmodeus
  4130 | D        | Received a gift from Trog
  4130 | D        | Reached skill level 15 in Shields
  4416 | D        | Received a gift from Trog
  4573 | D        | Received a gift from Trog
  4595 | D        | Noticed an Orb Guardian
  4607 | D        | Killed an Orb Guardian
  4607 | D        | Received a gift from Trog
  4618 | D        | Noticed an orb of fire
  4625 | D        | Gained mutation: You tend to lose your temper in combat. [an orb of fire]
  4631 | D        | Killed an orb of fire
  4639 | D        | Noticed Boris
  4656 | D        | Killed Boris
  4668 | D        | Received a gift from Trog
  4725 | D        | Received a gift from Trog
  4776 | D        | Noticed a tentacled monstrosity
  4781 | D        | Noticed a quicksilver dragon
  4788 | D        | Killed a tentacled monstrosity
  4806 | D        | Received a gift from Trog
  4814 | D        | Killed a quicksilver dragon
  4819 | D        | Noticed Frances
  4827 | D        | Killed Frances
  4827 | D        | Received a gift from Trog
  4827 | D        | Gained mutation: Your magical and physical power is enhanced at high health. [demonic ancestry]
  4827 | D        | Reached XP level 18. HP: 194/194 MP: 27/27
  4852 | D        | Received a gift from Trog
  4867 | D        | Noticed a Killer Klown
  4875 | D        | Received a gift from Trog
  4878 | D        | Received a gift from Trog
  4884 | D        | Killed a Killer Klown
  4900 | D        | Received a gift from Trog
  4928 | D        | Identified the cursed +2 rapier "Sumum" {venom, Int+4} (You took it off an ironbrand convoker in the Dungeon)
  4945 | D        | Lost mutation: You tend to lose your temper in combat. [potion of mutation]
  4945 | D        | Lost mutation: You have sharp toenails. [potion of mutation]
  4945 | D        | Gained mutation: You are resistant to hostile enchantments. (MR+) [potion of mutation]
  4945 | D        | Gained mutation: You passively map a small area around you. [potion of mutation]
  4959 | D        | Got a silver rune of Zot
  4969 | D        | Noticed Nikola
  4983 | D        | Killed Nikola
  4983 | D        | Received a gift from Trog
  5022 | D        | Noticed Xtahua
  5036 | D        | Killed Xtahua
  5097 | D        | Got the amulet of Onwel {+Rage rElec}
  5099 | D        | Got the ring "Ylibisoh" {*Slow rPois rF+++ rC+ Stlth+}
  5101 | D        | Got the amulet "Joel" {RegenMP rPois rC+ rN+ Stlth+}
  5103 | D        | Got the ring of the Firefly {rF++ MR+ Str+3 Int+4}
  5220 | D        | Noticed Mara
  5230 | D        | Killed Mara
  5238 | D        | Noticed Frederick
  5244 | D        | Killed Frederick
  5254 | D        | Noticed Azrael
  5255 | D        | Received a gift from Trog
  5266 | D        | Killed Azrael
  5266 | D        | Received a gift from Trog
  5269 | D        | Received a gift from Trog
  5291 | D        | Noticed Louise
  5302 | D        | Killed Louise
  5302 | D        | Received a gift from Trog
  5319 | D        | Noticed Mennas
  5333 | D        | Killed Mennas
  5333 | D        | Received a gift from Trog
  5418 | D        | Received a gift from Trog
  5426 | D        | Received a gift from Trog
  5456 | D        | Received a gift from Trog
  5477 | D        | Noticed a bone dragon
  5488 | D        | Received a gift from Trog
  5497 | D        | Noticed a bone dragon
  5512 | D        | Killed a bone dragon
  5512 | D        | Received a gift from Trog
  5524 | D        | Killed a bone dragon
  5524 | D        | Reached skill level 27 in Dodging
  5540 | D        | Received a gift from Trog
  5551 | D        | Received a gift from Trog
  5579 | D        | Noticed a tentacled monstrosity
  5582 | D        | Killed a tentacled monstrosity
  5594 | D        | Received a gift from Trog
  5612 | D        | Noticed a golden dragon
  5612 | D        | Noticed a golden dragon
  5613 | D        | Noticed a tentacled monstrosity
  5618 | D        | Reached XP level 19. HP: 177/202 MP: 28/28
  5624 | D        | Killed a golden dragon
  5624 | D        | Received a gift from Trog
  5629 | D        | Killed a golden dragon
  5636 | D        | Received a gift from Trog
  5689 | D        | Received a gift from Trog
  5696 | D        | Received a gift from Trog
  5711 | D        | Received a gift from Trog
  5750 | D        | Received a gift from Trog
  5754 | D        | Received a gift from Trog
  5880 | D        | Reached skill level 5 in Stealth
  5883 | D        | Reached skill level 27 in Throwing
  5914 | D        | Received a gift from Trog
  5914 | D        | Reached skill level 10 in Stealth
  5924 | D        | Received a gift from Trog
  6227 | D        | Noticed an ancient lich
  6232 | D        | Killed an ancient lich
  6232 | D        | Received a gift from Trog
  6232 | D        | Reached skill level 15 in Stealth
  6236 | D        | Noticed an orb of fire
  6242 | D        | Gained mutation: You are agile. (Dex +2) [an orb of fire]
  6244 | D        | Killed an orb of fire
  6244 | D        | Reached skill level 15 in Evocations
  6255 | D        | Noticed an electric golem
  6264 | D        | Killed an electric golem
  6264 | D        | Received a gift from Trog
  6271 | D        | Noticed an orb of fire
  6271 | D        | Noticed a Killer Klown
  6272 | D        | Gained mutation: You have a beak for a mouth. [an orb of fire]
  6275 | D        | Noticed an orb of fire
  6278 | D        | Noticed a golden dragon
  6282 | D        | Gained mutation: You are weak. (Str -2) [an orb of fire]
  6285 | D        | Killed an orb of fire
  6290 | D        | Gained mutation: Your magical and physical power is greatly enhanced at high health. [demonic ancestry]
  6290 | D        | Reached XP level 20. HP: 210/210 MP: 31/31
  6296 | D        | Gained mutation: You tend to lose your temper in combat. [an orb of fire]
  6300 | D        | Gained mutation: You evolve. [an orb of fire]
  6301 | D        | Killed an orb of fire
  6310 | D        | Killed a golden dragon
  6316 | D        | Killed a Killer Klown
  6322 | D        | Received a gift from Trog
  6329 | D        | Noticed an orb of fire
  6370 | D        | Killed an orb of fire
  6370 | D        | Received a gift from Trog
  6416 | D        | Received a gift from Trog
  6419 | D        | Received a gift from Trog
  6631 | D        | Noticed an ancient lich
  6634 | D        | Received a gift from Trog
  6640 | D        | Killed an ancient lich
  6649 | D        | Received a gift from Trog
  6654 | D        | Received a gift from Trog
  6683 | D        | Received a gift from Trog
  6689 | D        | Received a gift from Trog
  6723 | D        | Reached skill level 27 in Stealth
  6726 | D        | Received a gift from Trog
  6726 | D        | Gained mutation: You are dopey. (Int -2) [evolution]
  6726 | D        | Lost mutation: You evolve. [end of evolution]
  6747 | D        | Received a gift from Trog
  6756 | D        | Reached skill level 27 in Armour
  6762 | D        | Received a gift from Trog
  6780 | D        | Got an elven rune of Zot
  6797 | D        | Received a gift from Trog
  6825 | D        | Noticed the Royal Jelly
  6826 | D        | Received a gift from Trog
  6826 | D        | Reached XP level 21. HP: 214/218 MP: 35/35
  6841 | D        | Killed the Royal Jelly
  6970 | D        | Got a slimy rune of Zot
  6975 | D        | Received a gift from Trog
  7082 | D        | Received a gift from Trog
  7113 | D        | Received a gift from Trog
  7130 | D        | Received a gift from Trog
  7160 | D        | Received a gift from Trog
  7186 | D        | Noticed a greater mummy
  7186 | D        | Noticed a greater mummy
  7186 | D        | Noticed a greater mummy
  7189 | D        | Noticed a greater mummy
  7192 | D        | Killed a greater mummy
  7192 | D        | Reached skill level 27 in Evocations
  7192 | D        | Killed a greater mummy
  7192 | D        | Received a gift from Trog
  7193 | D        | Killed a greater mummy
  7196 | D        | Killed a greater mummy
  7196 | D        | Reached skill level 10 in Staves
  7196 | D        | Reached skill level 10 in Spellcasting
  7226 | D        | Got a golden rune of Zot
  7327 | D        | Received a gift from Trog
  7357 | D        | Received a gift from Trog
  7364 | D        | Got an abyssal rune of Zot
  7497 | D        | Noticed Geryon
  7520 | D        | Killed Geryon
  7524 | D        | Noticed Antaeus
  7536 | D        | Noticed Gloorx Vloq
  7547 | D        | Killed Gloorx Vloq
  7556 | D        | Noticed Ereshkigal
  7557 | D        | Killed Antaeus
  7597 | D        | Killed Ereshkigal
  7597 | D        | Reached skill level 27 in Shields
  7597 | D        | Gained mutation: You regenerate a lot of health from kills. [demonic ancestry]
  7597 | D        | Reached XP level 22. HP: 158/218 MP: 39/39
  7786 | D        | Got an icy rune of Zot
  7792 | D        | Got an obsidian rune of Zot
  7798 | D        | Got a dark rune of Zot
  7800 | D        | Noticed Lom Lobon
  7807 | D        | Noticed Dispater
  7812 | D        | Noticed Cerebov
  7818 | D        | Killed Lom Lobon
  7818 | D        | Received a gift from Trog
  7852 | D        | Killed Dispater
  7865 | D        | Killed Cerebov
  7913 | D        | Got a bone rune of Zot
  7917 | D        | Got a glowing rune of Zot
  7923 | D        | Got a magical rune of Zot
  7927 | D        | Got an iron rune of Zot
  7931 | D        | Got a fiery rune of Zot
  8344 | D        | Got the Orb of Zot
  8560 | D        | Lost mutation: You tend to lose your temper in combat. [potion of mutation]
  8560 | D        | Lost mutation: You passively map a small area around you. [potion of mutation]
  8560 | D        | Gained mutation: You are frail. (-10% HP) [potion of mutation]
  8560 | D        | Gained mutation: You are very agile. (Dex +4) [potion of mutation]
  8658 | D        | Noticed Fefia the pandemonium lord
  8671 | D        | Killed Fefia the pandemonium lord
  8704 | D        | Received a gift from Trog
  8772 | D        | Received a gift from Trog
  8933 | D        | Received a gift from Trog
  9067 | D        | Noticed Linong the pandemonium lord
  9088 | D        | Killed Linong the pandemonium lord
  9134 | D        | Received a gift from Trog
  9162 | D        | Received a gift from Trog
  9166 | D        | Received a gift from Trog
  9199 | D        | Reached skill level 27 in Staves
  9203 | D        | Received a gift from Trog
  9305 | D        | Received a gift from Trog
  9466 | D        | Received a gift from Trog
  9544 | D        | Reached skill level 15 in Spellcasting
  9573 | D        | Received a gift from Trog
  9681 | D        | Received a gift from Trog
  9743 | D        | Reached XP level 23. HP: 186/204 MP: 44/46
  9773 | D        | Noticed Assumm the pandemonium lord
  9778 | D        | Killed Assumm the pandemonium lord
  9854 | D        | Bought a ration for 60 gold pieces
  9854 | D        | Bought a ration for 60 gold pieces
  9858 | D        | Received a gift from Trog
  9941 | D        | Noticed Gosypyeqe the pandemonium lord
  9948 | D        | Killed Gosypyeqe the pandemonium lord
 10029 | D        | Received a gift from Trog
 10099 | D        | Noticed Ziubikle the pandemonium lord
 10120 | D        | Killed Ziubikle the pandemonium lord
 10173 | D        | Received a gift from Trog
 10204 | D        | Noticed Mais the pandemonium lord
 10211 | D        | Killed Mais the pandemonium lord
 10211 | D        | Received a gift from Trog
 10257 | D        | Fell from the grace of Trog
 10257 | D        | Became a worshipper of Sif Muna the Loreminder
 10406 | D        | Reached * piety under Sif Muna
 10407 | D        | Reached skill level 1 in Invocations
 10432 | D        | Reached skill level 27 in Spellcasting
 10464 | D        | Reached ** piety under Sif Muna
 10493 | D        | Noticed Waval the pandemonium lord
 10503 | D        | Reached skill level 10 in Invocations
 10512 | D        | Killed Waval the pandemonium lord
 10615 | D        | Reached skill level 15 in Invocations
 10634 | D        | Reached *** piety under Sif Muna
 10828 | D        | Reached **** piety under Sif Muna
 10892 | D        | Noticed a seraph
 10903 | D        | Killed a seraph
 10937 | D        | Reached skill level 27 in Invocations
 10960 | D        | Gained mutation: You are very frail. (-20% HP) [a neqoxec]
 11024 | D        | Reached ***** piety under Sif Muna
 11024 | D        | Identified Sif Muna's Compendium of Black Secrets (Sif Muna gifted it to you in the Dungeon)
 11024 | D        | Received a gift from Sif Muna
 11040 | D        | Learned a level 8 spell: Borgnjor's Revivification
 11069 | D        | Reached skill level 1 in Necromancy
 11098 | D        | Reached skill level 27 in Polearms
 11142 | D        | Noticed Paaboec the pandemonium lord
 11147 | D        | Killed Paaboec the pandemonium lord
 11147 | D        | Identified Sif Muna's Volume of Supportive Transmigration (Sif Muna gifted it to you in the Dungeon)
 11147 | D        | Received a gift from Sif Muna
 11177 | D        | Noticed a seraph
 11183 | D        | Killed a seraph
 11183 | D        | Received a gift from Sif Muna
 11183 | D        | Received a gift from Sif Muna
 11183 | D        | Reached XP level 24. HP: 152/189 MP: 54/54
 11191 | D        | Learned a level 3 spell: Regeneration
 11273 | D        | Identified Sif Muna's Intricacies of Witchcraft (Sif Muna gifted it to you in the Dungeon)
 11273 | D        | Received a gift from Sif Muna
 11276 | D        | Reached ****** piety under Sif Muna
 11302 | D        | Reached skill level 1 in Charms
 11345 | D        | Received a gift from Sif Muna
 11358 | D        | Learned a level 2 spell: Passwall
 11370 | D        | Reached skill level 1 in Transmutations
 11403 | D        | Reached skill level 5 in Transmutations
 11423 | D        | Identified Sif Muna's Tome of the Entourage and Unholy Magic (Sif Muna gifted it to you in the Dungeon)
 11423 | D        | Received a gift from Sif Muna
 11439 | D        | Learned a level 8 spell: Death's Door
 11475 | D        | Received a gift from Sif Muna
 11530 | D        | Identified Sif Muna's Collected Works on the Damaging Traveller (Sif Muna gifted it to you in the Dungeon)
 11530 | D        | Received a gift from Sif Muna
 11530 | D        | Reached skill level 10 in Transmutations
 11617 | D        | Identified Sif Muna's Collected Works on Blows and Bruises and Transmigration (Sif Muna gifted it to you in the Dungeon)
 11617 | D        | Received a gift from Sif Muna
 11634 | D        | Learned a level 8 spell: Necromutation
 11698 | D        | Identified Itsi's Incunabulum of the Ghastly Rocks (Sif Muna gifted it to you in the Dungeon)
 11698 | D        | Received a gift from Sif Muna
 11749 | D        | Identified Lecaq's Papyrus of Creative Snow (Sif Muna gifted it to you in the Dungeon)
 11749 | D        | Received a gift from Sif Muna
 11790 | D        | Identified Sif Muna's Papyrus of Quantum Air (Sif Muna gifted it to you in the Dungeon)
 11790 | D        | Received a gift from Sif Muna
 11795 | D        | Reached skill level 15 in Transmutations
 11841 | D        | Noticed a seraph
 11846 | D        | Killed a seraph
 11846 | D        | Received a gift from Sif Muna
 11880 | D        | Identified Sif Muna's Intricacies of the Hermit's Heritage (Sif Muna gifted it to you in the Dungeon)
 11880 | D        | Received a gift from Sif Muna
 11895 | D        | Learned a level 9 spell: Dragon's Call
 11944 | D        | Reached skill level 1 in Summonings
 11986 | D        | Identified Sif Muna's Papyrus of Lethal Aid (Sif Muna gifted it to you in the Dungeon)
 11986 | D        | Received a gift from Sif Muna
 11986 | D        | Reached skill level 5 in Summonings
 12024 | D        | Noticed Availagg the pandemonium lord
 12046 | D        | Killed Availagg the pandemonium lord
 12046 | D        | Identified Penwel's Volume of Unholy Arts and Enchantment (Sif Muna gifted it to you in the Dungeon)
 12046 | D        | Received a gift from Sif Muna
 12046 | D        | Reached skill level 10 in Summonings
 12046 | D        | Reached skill level 27 in Necromancy
 12057 | D        | Learned a level 8 spell: Discord
 12086 | D        | Noticed Vuumumuf the pandemonium lord
 12095 | D        | Killed Vuumumuf the pandemonium lord
 12095 | D        | Identified Kerofiaq's Catalogue of the Evil Escort (Sif Muna gifted it to you in the Dungeon)
 12095 | D        | Received a gift from Sif Muna
 12100 | D        | Learned a level 1 spell: Summon Butterflies
 12120 | D        | Identified Qiucu's Incunabulum of Transformation and Cold (Sif Muna gifted it to you in the Dungeon)
 12120 | D        | Received a gift from Sif Muna
 12165 | D        | Identified Asmodeus's Reference Book on Bewitching Conjuration (Sif Muna gifted it to you in the Dungeon)
 12165 | D        | Received a gift from Sif Muna
 12190 | D        | Reached skill level 15 in Summonings
 12209 | D        | Identified Sif Muna's Disquisition on Moulding and the Compass (Sif Muna gifted it to you in the Dungeon)
 12209 | D        | Received a gift from Sif Muna
 12281 | D        | Noticed Alimoitu the pandemonium lord
 12284 | D        | Identified Sif Muna's Catalogue of Supportive Changing (Sif Muna gifted it to you in the Dungeon)
 12284 | D        | Received a gift from Sif Muna
 12291 | D        | Killed Alimoitu the pandemonium lord
 12291 | D        | Identified Ygimaim's Handbook of Curses and Aid (Sif Muna gifted it to you in the Dungeon)
 12291 | D        | Received a gift from Sif Muna
 12369 | D        | Got the ring "Uhomuaq" {rF- rN+ Str+2 Int+2}
 12378 | D        | Identified Sif Muna's Guide on Venomous Changing (Sif Muna gifted it to you in the Dungeon)
 12378 | D        | Received a gift from Sif Muna
 12388 | D        | Learned a level 3 spell: Recall
 12413 | D        | Reached skill level 1 in Translocations
 12456 | D        | Identified Sif Muna's Incunabulum of Weightlessness and Hexes (Sif Muna gifted it to you in the Dungeon)
 12456 | D        | Received a gift from Sif Muna
 12480 | D        | Reached XP level 25. HP: 195/195 MP: 54/54
 12493 | D        | Reached skill level 5 in Translocations
 12501 | D        | Identified Sif Muna's Catalogue of Companions (Sif Muna gifted it to you in the Dungeon)
 12501 | D        | Received a gift from Sif Muna
 12527 | D        | Noticed Minlefo the pandemonium lord
 12529 | D        | Identified Fuacay Hies's Compendium of Supportive Combat Magic (Sif Muna gifted it to you in the Dungeon)
 12529 | D        | Received a gift from Sif Muna
 12550 | D        | Killed Minlefo the pandemonium lord
 12552 | D        | Received a gift from Sif Muna
 12673 | D        | Identified Sif Muna's Guide on Creation and Black Secrets (Sif Muna gifted it to you in the Dungeon)
 12673 | D        | Received a gift from Sif Muna
 12693 | D        | Reached skill level 10 in Translocations
 12726 | D        | Noticed Urappujo the pandemonium lord
 12737 | D        | Killed Urappujo the pandemonium lord
 12737 | D        | Identified Sif Muna's Grimoire of the Voyage (Sif Muna gifted it to you in the Dungeon)
 12737 | D        | Received a gift from Sif Muna
 12750 | D        | Identified Sif Muna's Compendium of Supportive Evil Rituals (Sif Muna gifted it to you in the Dungeon)
 12750 | D        | Received a gift from Sif Muna
 12789 | D        | Identified Teuhihat's Papyrus of the Assistive Frostbite (Sif Muna gifted it to you in the Dungeon)
 12789 | D        | Received a gift from Sif Muna
 12800 | D        | Learned a level 6 spell: Deflect Missiles
 12811 | D        | Reached skill level 1 in Air Magic
 12836 | D        | Identified Sif Muna's Incunabulum of Doomed Displacement (Sif Muna gifted it to you in the Dungeon)
 12836 | D        | Received a gift from Sif Muna
 12864 | D        | Learned a level 3 spell: Teleport Other
 12929 | D        | Noticed Teaniut the pandemonium lord
 12940 | D        | Received a gift from Sif Muna
 12951 | D        | Killed Teaniut the pandemonium lord
 12967 | D        | Reached skill level 5 in Charms
 12973 | D        | Received a gift from Sif Muna
 12984 | D        | Learned a level 8 spell: Controlled Blink
 12999 | D        | Reached skill level 5 in Air Magic
 13020 | D        | Identified Sif Muna's Almanac of Evil Intoxication (Sif Muna gifted it to you in the Dungeon)
 13020 | D        | Received a gift from Sif Muna
 13037 | D        | Noticed Miut the pandemonium lord
 13050 | D        | Killed Miut the pandemonium lord
 13057 | D        | Received a gift from Sif Muna
 13059 | D        | Noticed Fur Houph the pandemonium lord
 13070 | D        | Noticed Retow the pandemonium lord
 13074 | D        | Killed Fur Houph the pandemonium lord
 13074 | D        | Received a gift from Sif Muna
 13074 | D        | Reached skill level 27 in Transmutations
 13087 | D        | Killed Retow the pandemonium lord
 13087 | D        | Identified Sif Muna's Incunabulum of Frigorific Summoning (Sif Muna gifted it to you in the Dungeon)
 13087 | D        | Received a gift from Sif Muna
 13087 | D        | Reached skill level 15 in Translocations
 13111 | D        | Received a gift from Sif Muna
 13111 | D        | Reached skill level 10 in Charms
 13118 | D        | Reached skill level 10 in Air Magic
 13153 | D        | Received a gift from Sif Muna
 13174 | D        | Noticed Zestuus the pandemonium lord
 13205 | D        | Killed Zestuus the pandemonium lord
 13205 | D        | Identified Sif Muna's Guide on Unstable Conjuration (Sif Muna gifted it to you in the Dungeon)
 13205 | D        | Received a gift from Sif Muna
 13205 | D        | Identified Sif Muna's Incunabulum of Lightness and Cold (Sif Muna gifted it to you in the Dungeon)
 13205 | D        | Received a gift from Sif Muna
 13235 | D        | Noticed Hegucix the pandemonium lord
 13245 | D        | Killed Hegucix the pandemonium lord
 13245 | D        | Received a gift from Sif Muna
 13256 | D        | Noticed Naompalo the pandemonium lord
 13267 | D        | Killed Naompalo the pandemonium lord
 13267 | D        | Identified Ginyuny's Almanac of the Scorching Escort (Sif Muna gifted it to you in the Dungeon)
 13267 | D        | Received a gift from Sif Muna
 13313 | D        | Received a gift from Sif Muna
 13361 | D        | Identified Sif Muna's Almanac of the Excruciating Voyage (Sif Muna gifted it to you in the Dungeon)
 13361 | D        | Received a gift from Sif Muna
 13389 | D        | Noticed Foydorphucver the pandemonium lord
 13390 | D        | Noticed Ymit the pandemonium lord
 13399 | D        | Identified Ereshkigal's Reference Book on Sinister Attacks (Sif Muna gifted it to you in the Dungeon)
 13399 | D        | Received a gift from Sif Muna
 13407 | D        | Killed Ymit the pandemonium lord
 13407 | D        | Reached XP level 26. HP: 202/202 MP: 52/54
 13418 | D        | Killed Foydorphucver the pandemonium lord
 13418 | D        | Identified Giutoa's Catalogue of Igneous Shape Shifting (Sif Muna gifted it to you in the Dungeon)
 13418 | D        | Received a gift from Sif Muna
 13418 | D        | Reached skill level 15 in Charms
 13418 | D        | Reached skill level 15 in Air Magic
 13432 | D        | Received a gift from Sif Muna
 13475 | D        | Identified Sif Muna's Catalogue of Necromancy and Ice (Sif Muna gifted it to you in the Dungeon)
 13475 | D        | Received a gift from Sif Muna
 13488 | D        | Received a gift from Sif Muna
 13522 | D        | Noticed Ogiumuist the pandemonium lord
 13538 | D        | Killed Ogiumuist the pandemonium lord
 13538 | D        | Received a gift from Sif Muna
 13545 | D        | Identified Sif Muna's Handbook of Confrontation and the Escort (Sif Muna gifted it to you in the Dungeon)
 13545 | D        | Received a gift from Sif Muna
 13572 | D        | Noticed Ucvups the pandemonium lord
 13579 | D        | Noticed Naebe the pandemonium lord
 13591 | D        | Killed Naebe the pandemonium lord
 13591 | D        | Received a gift from Sif Muna
 13599 | D        | Killed Ucvups the pandemonium lord
 13601 | D        | Received a gift from Sif Muna
 13641 | D        | Reached skill level 27 in Summonings
 13648 | D        | Received a gift from Sif Muna
 13670 | D        | Noticed Kiexor the pandemonium lord
 13674 | D        | Received a gift from Sif Muna
 13683 | D        | Killed Kiexor the pandemonium lord
 13683 | D        | Received a gift from Sif Muna
 13717 | D        | Received a gift from Sif Muna
 13773 | D        | Received a gift from Sif Muna
 13801 | D        | Received a gift from Sif Muna
 13822 | D        | Received a gift from Sif Muna
 13879 | D        | Received a gift from Sif Muna
 14045 | D        | Received a gift from Sif Muna
 14282 | D        | Received a gift from Sif Muna
 14323 | D        | Noticed a seraph
 14337 | D        | Killed a seraph
 14337 | D        | Received a gift from Sif Muna
 14337 | D        | Received a gift from Sif Muna
 14337 | D        | Reached skill level 27 in Translocations
 14431 | D        | Received a gift from Sif Muna
 14565 | D        | Noticed Enwaq the pandemonium lord
 14592 | D        | Killed Enwaq the pandemonium lord
 14592 | D        | Received a gift from Sif Muna
 14606 | D        | Received a gift from Sif Muna
 14619 | D        | Noticed Mealetept the pandemonium lord
 14634 | D        | Killed Mealetept the pandemonium lord
 14634 | D        | Received a gift from Sif Muna
 14691 | D        | Received a gift from Sif Muna
 14693 | D        | Noticed Puotoeqe the pandemonium lord
 14709 | D        | Killed Puotoeqe the pandemonium lord
 14709 | D        | Received a gift from Sif Muna
 14709 | D        | Gained mutation: You are powered by pain. [demonic ancestry]
 14709 | D        | Reached XP level 27. HP: 143/208 MP: 54/54
 14711 | D        | Received a gift from Sif Muna
 14801 | D        | Received a gift from Sif Muna
 14813 | D        | Noticed Agoixzeash the pandemonium lord
 14829 | D        | Killed Agoixzeash the pandemonium lord
 14829 | D        | Received a gift from Sif Muna
 14833 | D        | Received a gift from Sif Muna
 14890 | D        | Noticed an ancient lich
 14894 | D        | Received a gift from Sif Muna
 14894 | D        | Reached skill level 27 in Charms
 14909 | D        | Killed an ancient lich
 14909 | D        | Received a gift from Sif Muna
 14909 | D        | Reached skill level 27 in Air Magic
 14914 | D        | Reached skill level 5 in Hexes
 14918 | D        | Noticed Rubul the pandemonium lord
 14937 | D        | Killed Rubul the pandemonium lord
 14937 | D        | Received a gift from Sif Muna
 14947 | D        | Noticed Bamuaturgh the pandemonium lord
 14955 | D        | Killed Bamuaturgh the pandemonium lord
 14955 | D        | Received a gift from Sif Muna
 14955 | D        | Reached skill level 15 in Hexes
 14988 | D        | Received a gift from Sif Muna
 14999 | D        | Noticed Asivum the pandemonium lord
 15002 | D        | Noticed Tokhlu Giaf the pandemonium lord
 15016 | D        | Killed Asivum the pandemonium lord
 15029 | D        | Killed Tokhlu Giaf the pandemonium lord
 15029 | D        | Received a gift from Sif Muna
 15039 | D        | Received a gift from Sif Muna
 15050 | D        | Learned a level 9 spell: Glaciate
 15125 | D        | Noticed Yhuaggen the pandemonium lord
 15136 | D        | Killed Yhuaggen the pandemonium lord
 15136 | D        | Received a gift from Sif Muna
 15136 | D        | Received a gift from Sif Muna
 15136 | D        | Received a gift from Sif Muna
 15184 | D        | Received a gift from Sif Muna
 15206 | D        | Received a gift from Sif Muna
 15246 | D        | Received a gift from Sif Muna
 15278 | D        | Reached skill level 27 in Hexes
 15297 | D        | Reached skill level 5 in Conjurations
 15315 | D        | Received a gift from Sif Muna
 15344 | D        | Noticed Xoituc the pandemonium lord
 15357 | D        | Killed Xoituc the pandemonium lord
 15357 | D        | Received a gift from Sif Muna
 15357 | D        | Reached skill level 10 in Conjurations
 15400 | D        | Reached skill level 10 in Ice Magic
 15404 | D        | Received a gift from Sif Muna
 15465 | D        | Received a gift from Sif Muna
 15496 | D        | Received a gift from Sif Muna
 15527 | D        | Noticed Lidonan the pandemonium lord
 15537 | D        | Killed Lidonan the pandemonium lord
 15537 | D        | Received a gift from Sif Muna
 15537 | D        | Reached skill level 15 in Conjurations
 15576 | D        | Received a gift from Sif Muna
 15576 | D        | Reached skill level 15 in Ice Magic
 15611 | D        | Received a gift from Sif Muna
 15642 | D        | Received a gift from Sif Muna
 15654 | D        | Noticed Vaaqiloc the pandemonium lord
 15677 | D        | Killed Vaaqiloc the pandemonium lord
 15677 | D        | Received a gift from Sif Muna
 15687 | D        | Received a gift from Sif Muna
 15710 | D        | Noticed Poifud the pandemonium lord
 15720 | D        | Killed Poifud the pandemonium lord
 15720 | D        | Received a gift from Sif Muna
 15762 | D        | Received a gift from Sif Muna
 15768 | D        | Noticed Afas the pandemonium lord
 15797 | D        | Killed Afas the pandemonium lord
 15797 | D        | Received a gift from Sif Muna
 15825 | D        | Received a gift from Sif Muna
 15867 | D        | Received a gift from Sif Muna
 15915 | D        | Received a gift from Sif Muna
 15963 | D        | Noticed Igafolat the pandemonium lord
 15977 | D        | Killed Igafolat the pandemonium lord
 15977 | D        | Received a gift from Sif Muna
 16001 | D        | Received a gift from Sif Muna
 16066 | D        | Received a gift from Sif Muna
 16096 | D        | Noticed Rurchioh the pandemonium lord
 16107 | D        | Killed Rurchioh the pandemonium lord
 16107 | D        | Received a gift from Sif Muna
 16110 | D        | Received a gift from Sif Muna
 16152 | D        | Noticed Oxysanen the pandemonium lord
 16154 | D        | Received a gift from Sif Muna
 16164 | D        | Killed Oxysanen the pandemonium lord
 16164 | D        | Received a gift from Sif Muna
 16164 | D        | Reached skill level 27 in Conjurations
 16240 | D        | Noticed Ugonut the pandemonium lord
 16285 | D        | Killed Ugonut the pandemonium lord
 16285 | D        | Received a gift from Sif Muna
 16285 | D        | Reached skill level 27 in Ice Magic
 16297 | D        | Learned a level 8 spell: Lehudib's Crystal Spear
 16333 | D        | Noticed Zuyxu the pandemonium lord
 16334 | D        | Noticed Zise the pandemonium lord
 16336 | D        | Received a gift from Sif Muna
 16341 | D        | Killed Zuyxu the pandemonium lord
 16341 | D        | Reached skill level 10 in Unarmed Combat
 16343 | D        | Killed Zise the pandemonium lord
 16409 | D        | Noticed Geodduk the pandemonium lord
 16415 | D        | Reached skill level 1 in Earth Magic
 16421 | D        | Paralysed by a floating eye for 3 turns
 16426 | D        | Reached skill level 5 in Earth Magic
 16431 | D        | Killed Geodduk the pandemonium lord
 16431 | D        | Received a gift from Sif Muna
 16431 | D        | Reached skill level 15 in Unarmed Combat
 16471 | D        | Reached skill level 10 in Earth Magic
 16478 | D        | Received a gift from Sif Muna
 16518 | D        | Received a gift from Sif Muna
 16569 | D        | Received a gift from Sif Muna
 16586 | D        | Reached skill level 15 in Earth Magic
 16626 | D        | Received a gift from Sif Muna
 16670 | D        | Noticed Vithro the pandemonium lord
 16674 | D        | Noticed Rasoitesk the pandemonium lord
 16676 | D        | Killed Vithro the pandemonium lord
 16689 | D        | Killed Rasoitesk the pandemonium lord
 16689 | D        | Received a gift from Sif Muna
 16710 | D        | Received a gift from Sif Muna
 16743 | D        | Received a gift from Sif Muna
 16765 | D        | Received a gift from Sif Muna
 16804 | D        | Noticed Xiysely the pandemonium lord
 16815 | D        | Killed Xiysely the pandemonium lord
 16845 | D        | Received a gift from Sif Muna
 16846 | D        | Noticed Dauz the pandemonium lord
 16863 | D        | Killed Dauz the pandemonium lord
 16867 | D        | Noticed Ceit the pandemonium lord
 16877 | D        | Killed Ceit the pandemonium lord
 16877 | D        | Received a gift from Sif Muna
 16883 | D        | Noticed Ponetin the pandemonium lord
 16889 | D        | Received a gift from Sif Muna
 16896 | D        | Killed Ponetin the pandemonium lord
 16906 | D        | Received a gift from Sif Muna
 16953 | D        | Received a gift from Sif Muna
 16981 | D        | Learned a level 7 spell: Spellforged Servitor
 16992 | D        | Received a gift from Sif Muna
 17046 | D        | Noticed a seraph
 17050 | D        | Received a gift from Sif Muna
 17050 | D        | Killed a seraph
 17050 | D        | Reached skill level 27 in Earth Magic
 17084 | D        | Noticed Hopleax the pandemonium lord
 17108 | D        | Killed Hopleax the pandemonium lord
 17127 | D        | Noticed Piesagh the pandemonium lord
 17137 | D        | Killed Piesagh the pandemonium lord
 17170 | D        | Noticed Zus Cikeraj the pandemonium lord
 17171 | D        | Noticed an ancient lich
 17174 | D        | Received a gift from Sif Muna
 17175 | D        | Noticed Telycizo the pandemonium lord
 17177 | D        | Killed Zus Cikeraj the pandemonium lord
 17177 | D        | Reached skill level 27 in Unarmed Combat
 17179 | D        | Killed an ancient lich
 17184 | D        | Killed Telycizo the pandemonium lord
 17236 | D        | Noticed Caenexaq the pandemonium lord
 17250 | D        | Killed Caenexaq the pandemonium lord
 17256 | D        | Received a gift from Sif Muna
 17261 | D        | Noticed Wounk the pandemonium lord
 17281 | D        | Killed Wounk the pandemonium lord
 17348 | D        | Noticed Nahoutew the pandemonium lord
 17360 | D        | Killed Nahoutew the pandemonium lord
 17380 | D        | Noticed Mohacim the pandemonium lord
 17387 | D        | Killed Mohacim the pandemonium lord
 17395 | D        | Received a gift from Sif Muna
 17535 | D        | Received a gift from Sif Muna
 17562 | D        | Noticed a seraph
 17569 | D        | Killed a seraph
 17586 | D        | Noticed Qompis the pandemonium lord
 17598 | D        | Killed Qompis the pandemonium lord
 17665 | D        | Received a gift from Sif Muna
 17690 | D        | Noticed Naijij the pandemonium lord
 17712 | D        | Killed Naijij the pandemonium lord
 17753 | D        | Learned a level 1 spell: Flame Tongue
 17761 | D        | Received a gift from Sif Muna
 17761 | D        | Received a gift from Sif Muna
 17761 | D        | Received a gift from Sif Muna
 17761 | D        | Received a gift from Sif Muna
 17761 | D        | Received a gift from Sif Muna
 17761 | D        | Received a gift from Sif Muna
 17761 | D        | Received a gift from Sif Muna
 17761 | D        | Received a gift from Sif Muna
 17761 | D        | Received a gift from Sif Muna
 17761 | D        | Received a gift from Sif Muna
 17761 | D        | Received a gift from Sif Muna
 17761 | D        | Received a gift from Sif Muna
 17761 | D        | Reached skill level 27 in Fire Magic
 17764 | D        | Learned a level 1 spell: Sting
 17782 | D        | Received a gift from Sif Muna
 17782 | D        | Received a gift from Sif Muna
 17782 | D        | Received a gift from Sif Muna
 17782 | D        | Received a gift from Sif Muna
 17782 | D        | Received a gift from Sif Muna
 17782 | D        | Received a gift from Sif Muna
 17782 | D        | Received a gift from Sif Muna
 17810 | D        | Received a gift from Sif Muna
 17846 | D        | Received a gift from Sif Muna
 17894 | D        | Received a gift from Sif Muna
 17992 | D        | Escaped with the Orb!

Vault maps used:
D:        linesprint

Skill      XL: |  1  2  3  4  5  6  7  8  9 10 11 12 13 14 15 16 17 18 19 20 21 22 23 24 25 26 27 |
---------------+----------------------------------------------------------------------------------+-----
Polearms       | 4 5 8 9 11 12 14 16 18 20 21 25 27 | 27.0
Armour         | 2 4 5 6 7 8 10 11 12 13 14 15 16 18 20 24 27 | 27.0
Dodging        | 2 3 4 5 6 10 13 16 20 24 27 | 27.0
Fighting       | 5 8 9 10 11 12 13 15 16 19 24 26 27 | 27.0
Evocations     | 1 7 10 12 13 15 20 27 | 27.0
Stealth        | 1 3 18 27 | 27.0
Shields        | 2 8 14 18 20 21 23 27 | 27.0
Throwing       | 2 10 16 20 24 27 | 27.0
Staves         | 10 27 | 27.0
Spellcasting   | 10 19 27 | 27.0
Invocations    | 27 | 27.0
Necromancy     | 17 27 | 27.0
Charms         | 1 14 25 27 | 27.0
Transmutations | 23 27 | 27.0
Summonings     | 18 25 27 | 27.0
Translocations | 4 20 27 | 27.0
Air Magic      | 14 24 27 | 27.0
Hexes          | 27 | 27.0
Conjurations   | 27 | 27.0
Ice Magic      | 27 | 27.0
Unarmed Combat | 27 | 27.0
Earth Magic    | 27 | 27.0
Fire Magic     | 27 | 27.0
Poison Magic   | 26 | 26.4

Action                   |  1- 3 |  4- 6 |  7- 9 | 10-12 | 13-15 | 16-18 | 19-21 | 22-24 | 25-27 || total
-------------------------+-------+-------+-------+-------+-------+-------+-------+-------+-------++-------
Melee: Spear             |    29 |    10 |    35 |       |       |       |       |       |       ||    74
       Halberd           |       |    16 |    15 |       |       |       |       |       |       ||    31
       Glaive            |       |       |    13 |   253 |   546 |   619 |   309 |       |       ||  1740
       Unarmed           |       |       |       |     4 |       |       |       |       |       ||     4
       Headbutt          |       |       |       |    21 |   129 |   146 |   124 |   222 |   534 ||  1176
       Kick              |       |       |       |       |       |    90 |       |       |       ||    90
       Peck              |       |       |       |       |       |       |    73 |   212 |   530 ||   815
       Demon trident     |       |       |       |       |       |       |   153 |   859 |  2210 ||  3222
Throw: Javelin           |       |       |       |       |       |    20 |    78 |    63 |    30 ||   191
 Cast: Necromutation     |       |       |       |       |       |       |       |     9 |    53 ||    62
       Teleport Other    |       |       |       |       |       |       |       |       |     7 ||     7
       Deflect Missiles  |       |       |       |       |       |       |       |       |     2 ||     2
       Recall            |       |       |       |       |       |       |       |       |     1 ||     1
       Glaciate          |       |       |       |       |       |       |       |       |    47 ||    47
       Discord           |       |       |       |       |       |       |       |       |     6 ||     6
       Death's Door      |       |       |       |       |       |       |       |       |     4 ||     4
       Lehudib's Crystal |       |       |       |       |       |       |       |       |     4 ||     4
       Regeneration      |       |       |       |       |       |       |       |       |     3 ||     3
       Controlled Blink  |       |       |       |       |       |       |       |       |     1 ||     1
       Summon Butterflie |       |       |       |       |       |       |       |       |     1 ||     1
       Dragon's Call     |       |       |       |       |       |       |       |       |     1 ||     1
       Spellforged Servi |       |       |       |       |       |       |       |       |     1 ||     1
Invok: Berserk           |     1 |     1 |     3 |     5 |     1 |     3 |     3 |     1 |       ||    18
       Trog's Hand       |       |       |       |     2 |     4 |    11 |     3 |     1 |       ||    21
       Brothers in Arms  |       |       |       |     4 |     6 |     6 |     3 |       |       ||    19
       Channel Magic     |       |       |       |       |       |       |       |       |     5 ||     5
       Forget Spell      |       |       |       |       |       |       |       |       |     3 ||     3
 Abil: Evoke Invisibilit |       |       |       |     1 |       |     1 |       |       |       ||     2
       End Transformatio |       |       |       |       |       |       |       |       |     4 ||     4
       Evoke Blink       |       |       |       |       |       |       |       |       |     1 ||     1
Evoke: Wand              |       |       |       |       |       |     1 |       |       |       ||     1
       Lamp of fire      |       |       |       |       |       |       |     8 |    10 |     7 ||    25
       Horn of Geryon    |       |       |       |       |       |       |       |       |     2 ||     2
  Use: Scroll            |       |       |       |     2 |     4 |     6 |     1 |     1 |     1 ||    15
       Potion            |       |       |       |       |     1 |     2 |     1 |     3 |     1 ||     8
 Stab: Sleeping          |       |       |       |       |     1 |       |    17 |       |       ||    18
       Invisible         |       |       |       |       |       |     2 |     4 |       |       ||     6
       Distracted        |       |       |       |       |       |     1 |       |    27 |    27 ||    55
  Eat: Chunk             |       |       |     2 |    12 |     6 |    15 |     8 |     5 |     3 ||    51
       Ration            |       |       |       |       |     3 |     1 |     1 |     3 |     1 ||     9
Armor: Animal skin       |     1 |       |       |       |       |       |       |       |       ||     1
       Plate armour      |       |     4 |    15 |    60 |       |       |       |       |       ||    79
       Swamp dragon scal |       |       |       |    20 |   108 |    51 |       |       |       ||   179
       Storm dragon scal |       |       |       |       |       |    53 |    93 |    72 |   256 ||   474
Dodge: Dodged            |    11 |     6 |    11 |    85 |   382 |   303 |   204 |   118 |   403 ||  1523
       Deflected         |       |       |       |       |       |       |       |       |     9 ||     9
Block: Other             |       |       |       |    12 |    60 |    24 |       |       |       ||    96
       Reflection        |       |       |       |       |     2 |     1 |     4 |     9 |    15 ||    31
       Large shield      |       |       |       |       |       |       |    63 |   340 |  1074 ||  1477

Table legend:
 A = Spawn XP
 B = Non-spawn XP
 C = Spawn XP percentage of total XP
 D = Spawn monster count
 E = Non-spawn monster count
 F = Spawn count percentage of total count
 G = Total turns spent on level
                    A         B        C        D         E        F      G
               +---------+---------+-------+---------+---------+-------+---------
         Total |       0 |  758215 |   0.0 |       0 |     521 |   0.0 | 17992
               +---------+---------+-------+---------+---------+-------+---------
             D |       0 |  758215 |   0.0 |       0 |     521 |   0.0 | 17992
               +---------+---------+-------+---------+---------+-------+---------
